 Dungeon Crawl Stone Soup version 0.20.0-15-g7f486f2 (webtiles) character file.

2668 Gargoyl the Chopper (level 9, -4/75 HPs)
             Began as a Purple Draconian Abyssal Knight on June 21, 2017.
             Was an Elder of Lugonu.
             Slain by a wolf (5 damage)
             ... led by Grum
             ... on level 7 of the Dungeon.
             The game lasted 00:17:25 (8436 turns).

Gargoyl the Chopper (DrAK)                          Turns: 8436, Time: 00:17:26

Health: -4/75      AC: 10    Str: 16    XL:     9   Next: 37%
Magic:  10/11      EV: 15    Int: 13    God:    Lugonu [****..]
Gold:   484        SH:  4    Dex: 12    Spells: 8/8 levels left

rFire    + . .     SeeInvis .   a - +2 hand axe
rCold    . . .     Gourm    .   w - +0 buckler (curse)
rNeg     . . .     Faith    .   (armour unavailable)
rPois    .         Spirit   .   (helmet restricted)
rElec    .         Reflect  .   e - +0 cloak
rCorr    .         Harm     .   d - +1 pair of gloves
MR       ++...     Clarity  +   (no boots)
Stlth    +++.......             (no amulet)
Regen    0.3/turn               h - ring of protection from fire
MPRegen  0.2/turn               (no ring)

@: about to teleport
A: breathe power, unfitting armour, talons 1, clarity, low mp 1, magic
resistance 1, cold-blooded, AC +7
a: Breathe Dispelling Energy, Depart the Abyss, Bend Space, Banish, Corrupt,
Renounce Religion


You were on level 7 of the Dungeon.
You worshipped Lugonu.
Lugonu was greatly pleased with you.
You were not hungry.

You visited 1 branch of the dungeon, and saw 8 of its levels.
You visited the Abyss 1 time.

You collected 484 gold pieces.

Inventory:

Hand Weapons
 a - a +2 hand axe (weapon)
 s - a +0 broad axe
 t - a +0 war axe
Armour
 d - a +1 pair of gloves (worn)
 e - a +0 cloak (worn)
 w - a cursed +0 buckler (worn)
Jewellery
 h - a ring of protection from fire (left hand)
 v - an uncursed ring of ice
Wands
 u - a wand of polymorph (13/24)
 A - a wand of digging (15/24)
Scrolls
 k - 2 scrolls of remove curse
 l - 3 scrolls of identify
 m - a scroll of enchant weapon
 y - a scroll of amnesia
 B - a scroll of teleportation
 D - a scroll of enchant armour
Potions
 f - a potion of magic
 g - 2 potions of invisibility
 j - 2 potions of curing
 o - a potion of resistance {unknown}
 p - 2 potions of haste {unknown}
 q - a potion of agility {unknown}
 r - a potion of degeneration {unknown}
 x - 2 potions of flight {unknown}
 z - a potion of berserk rage {unknown}
 C - a potion of brilliance
Comestibles
 b - 5 bread rations
 c - 2 royal jellies
 i - a meat ration
 n - a fruit


   Skills:
 + Level 6.1 Fighting
 + Level 7.1 Axes
 * Level 6.7 Dodging
 * Level 4.4 Stealth
 + Level 1.4 Shields
 * Level 5.4 Invocations


You had 8 spell levels left.
You didn't know any spells.

Dungeon Overview and Level Annotations

Branches:
Dungeon (8/15)             Temple (0/1) D:7
   Lair: D:8-11

Altars:
Dithmenos
Gozag

Annotations:
D:8 Grum


Innate Abilities, Weirdness & Mutations

You can breathe bolts of dispelling energy.
Your rich purple scales are hard. (AC +7)
You cannot fit into any form of body armour.
You are cold-blooded and may be slowed by cold attacks.
You have sharp toenails.
You possess an exceptional clarity of mind.
Your magical capacity is low. (-10% MP)
You are resistant to hostile enchantments. (MR+)


Message History

The wolf bites you.
* * * LOW HITPOINT WARNING * * *
There is a stone staircase leading up, spattered with blood here.
The wolf bites you but does no damage. The wolf barely misses you.
The wolf closely misses you. The wolf bites you but does no damage.
The wolf barely misses you.
You climb upwards.
There is a stone staircase leading down, spattered with blood here.
Okay, then.
Space bends sharply around you!
The wolf blinks!
You blink.
Space bends around you!
You blink.
The wolf barely misses you. You block the wolf's attack.
As you read the scroll of teleportation, it crumbles to dust.
You feel strangely unstable. You block the wolf's attack. The wolf misses you.
The wolf bites you but does no damage. The wolf closely misses you.
The wolf bites you!
* * * LOW HITPOINT WARNING * * *
You block the wolf's attack. The wolf barely misses you. The wolf bites you.
You die...

#.........#......# #......
#........#######.# #......
#................# ##.....
#........#####...#### #......
#........###........###..#.##
#............##.........##.##
#.......#..####.......>.##.##
######.....#####<............
#...........@hh........###+##
#.####.###..h..........#.....
#.......#####..........#.⌠.⌠.
###......# #..........'..>..
#......####.#.#...##.#.⌠.⌠†
###.##....#...#>#..###.....
#.##...............###'##
#.#####.........###......
##.# #...........###......


You could see 3 wolves.

Vanquished Creatures
  Maurice (D:8)
  A hungry ghost (D:8)
  Edmund (D:6)
  An ice beast (D:7)
  5 ogres
  2 sky beasts
  A centaur (D:7)
  A big kobold (D:7)
  2 bullfrogs
  A scorpion (D:7)
  5 crimson imps
  A bullfrog zombie (D:6)
  3 orc wizards
  5 hounds
  2 centaur skeletons
  4 iguanas
  Crazy Yiuf (D:2)
  4 worker ants
  A killer bee zombie (D:7)
  A hound skeleton (D:4)
  4 gnolls
  A river rat (D:3)
  11 adders
  3 shadow imps
  3 worms
  4 dart slugs
  4 leopard geckos
  8 orcs
  10 bats
  5 giant cockroaches
  7 hobgoblins
  9 jackals
  2 quokkas
  5 frilled lizards
  6 goblins
  A jackal skeleton (D:6)
  9 kobolds
  2 quokka zombies (D:5)
  15 rats
152 creatures vanquished.

Vanquished Creatures (others)
  An orc warrior (D:7)
  2 starspawn tentacles (Abyss:1)
3 creatures vanquished.

Grand Total: 155 creatures vanquished

Notes
Turn   | Place    | Note
-------+----------+-------------------------------------------
     0 | Abyss:1  | Gargoyl the Draconian Abyssal Knight began the quest for the Orb.
     0 | Abyss:1  | Reached XP level 1. HP: 19/19 MP: 2/2
   194 | Abyss:1  | Noticed a crimson imp
   233 | Abyss:1  | Killed a crimson imp
   233 | Abyss:1  | Reached XP level 2. HP: 27/27 MP: 3/3
   233 | Abyss:1  | Reached XP level 3. HP: 33/33 MP: 4/4
   271 | Abyss:1  | Noticed a tentacled starspawn
   273 | Abyss:1  | Noticed a large abomination
   281 | D:1      | Escaped the Abyss
   372 | D:1      | Reached * piety under Lugonu
  1145 | D:2      | Reached XP level 4. HP: 31/40 MP: 5/5
  1268 | D:2      | Reached ** piety under Lugonu
  1456 | D:2      | Found a runed door.
  1519 | D:2      | Reached skill level 3 in Axes
  1852 | D:2      | Reached skill level 1 in Stealth
  1852 | D:2      | Reached XP level 5. HP: 39/47 MP: 6/6
  1943 | D:2      | Noticed an ogre
  1952 | D:2      | HP: 1/47 [ogre/giant club (21)]
  1958 | D:2      | Killed an ogre
  2340 | D:2      | Noticed Crazy Yiuf
  2350 | D:2      | Killed Crazy Yiuf
  2626 | D:3      | Found a shadowy altar of Dithmenos.
  2663 | D:3      | Reached XP level 6. HP: 53/53 MP: 8/8
  2726 | D:3      | Reached skill level 4 in Axes
  3024 | D:3      | Found a faded altar of an unknown god.
  3547 | D:4      | Gained mutation: Your magical capacity is low. (-10% MP) [potion of mutation]
  3547 | D:4      | Gained mutation: You are resistant to hostile enchantments. (MR+) [potion of mutation]
  3547 | D:4      | Gained mutation: You possess an exceptional clarity of mind. [potion of mutation]
  3547 | D:4      | Gained mutation: You have sharp toenails. [potion of mutation]
  3697 | D:4      | Reached *** piety under Lugonu
  3697 | D:4      | Your scales start taking on a rich purple colour.
  3697 | D:4      | Reached XP level 7. HP: 56/60 MP: 8/8
  4212 | D:5      | Entered Level 5 of the Dungeon
  4218 | D:5      | Found an opulent altar of Gozag.
  4470 | D:5      | Reached skill level 5 in Fighting
  4525 | D:5      | Reached skill level 5 in Axes
  5238 | D:5      | Reached XP level 8. HP: 67/68 MP: 10/10
  5575 | D:6      | Reached skill level 5 in Dodging
  5839 | D:6      | Noticed Edmund
  5871 | D:6      | Killed Edmund
  5871 | D:6      | Reached skill level 6 in Axes
  6428 | D:7      | Reached **** piety under Lugonu
  6878 | D:7      | Found a staircase to the Ecumenical Temple.
  6932 | D:7      | Reached skill level 1 in Shields
  7222 | D:8      | Reached skill level 5 in Invocations
  7606 | D:8      | Reached XP level 9. HP: 75/75 MP: 11/11
  7629 | D:8      | Noticed Maurice
  7660 | D:8      | Killed Maurice
  7702 | D:8      | Reached skill level 7 in Axes
  8407 | D:8      | Noticed Grum
  8435 | D:7      | HP: 1/75 [wolf[Grum] (9)]
  8436 | D:7      | Slain by a wolf

Skill      XL: |  1  2  3  4  5  6  7  8  9 |
---------------+----------------------------+-----
Fighting       | 4 5 6 |  6.1
Axes           | 3 4 5 6 7 |  7.1
Dodging        | 3 4 6 |  6.7
Stealth        | 1 2 3 4 |  4.4
Invocations    | 3 4 5 |  5.4
Shields        | 1 |  1.4

Action                   |  1- 3 |  4- 6 |  7- 9 || total
-------------------------+-------+-------+-------++-------
Melee: Hand axe          |    77 |   167 |   462 ||   706
       Tailslap          |    11 |    11 |    46 ||    68
       Kick              |       |     4 |   103 ||   107
Invok: Depart the Abyss  |     1 |       |       ||     1
       Bend Space        |       |       |     2 ||     2
       Banish            |       |       |     1 ||     1
 Abil: Breathe Dispellin |       |       |    19 ||    19
  Use: Scroll            |       |    10 |     7 ||    17
       Potion            |       |     6 |     1 ||     7
 Stab: Sleeping          |     1 |     1 |     2 ||     4
  Eat: Chunk             |     1 |     8 |    16 ||    25
       Meat ration       |       |       |     2 ||     2
       Fruit             |       |       |     4 ||     4
Armor: Skin              |    37 |    52 |   151 ||   240
Dodge: Dodged            |    64 |   132 |   321 ||   517
Block: Buckler           |       |       |    42 ||    42
